 Dungeon Crawl Stone Soup version 0.27-a0-412-g8dd771eca2 (webtiles) character file.

Game seed: 9183082785899465155

48 dickylongcocking the Insei (level 3, 0/24 HPs)
             Began as an Octopode Transmuter on Feb 23, 2021.
             Succumbed to an adder's poison
             ... on level 2 of the Dungeon.
             The game lasted 00:00:47 (1666 turns).

dickylongcocking the Insei (Octopode Transmuter)    Turns: 1666, Time: 00:00:48

Health: 0/24       AC:  3    Str:  9    XL:     3   Next: 72%
Magic:  6/6        EV: 13    Int: 16    God:
Gold:   56         SH:  0    Dex: 12    Spells: 5/6 levels left

rFire    . . .     SeeInvis .     - Unarmed
rCold    . . .     Faith    .   (no shield)
rNeg     . . .     Spirit   .   b - +2 hat
rPois    .         Reflect  .   (no amulet)
rElec    .         Harm     .   (no ring)
rCorr    .         Rampage  .   (no ring)
Will     .....                  (no ring)
Stlth    +++.......             (no ring)
HPRegen  0.08/turn              (no ring)
MPRegen  0.10/turn              (no ring)
                                (no ring)
                                (no ring)

@: lethally poisoned (0 -> -5), flying
A: almost no armour, stealthy swim, amphibious, 8 rings, constrict 8, camouflage
1, gelatinous body 1
a: no special abilities


You were on level 2 of the Dungeon.
You visited 1 branch of the dungeon, and saw 2 of its levels.

You collected 56 gold pieces.

Inventory:

Armour
 b - a +2 hat (worn)
Scrolls
 a - 2 scrolls of amnesia {unknown}


   Skills:
 * Level 1.7 Fighting
 - Level 2.0 Dodging
 + Level 1.0 Stealth
 * Level 4.2 Unarmed Combat
 - Level 2.0 Spellcasting
 - Level 2.0 Transmutations


You had 5 spell levels left.
You knew the following spells:

 Your Spells              Type           Power        Failure   Level
a - Beastly Appendage     Tmut           16%          9%          1

Your spell library contained the following spells:

 Spells                   Type           Power        Failure   Level
 Wereblood                Tmut           8%           14%         2
 Spider Form              Tmut/Pois      2%           38%         3
 Ice Form                 Ice/Tmut       4%           80%         4
 Blade Hands              Tmut           4%           94%         5


Dungeon Overview and Level Annotations

Branches:
Dungeon (2/15)

Altars:


Innate Abilities, Weirdness & Mutations

You cannot wear most types of armour.
You are very stealthy in the water. (Stealth+)
You are amphibious.
You can wear up to eight rings at the same time.
You can use your tentacles to constrict eight enemies at once.
Your skin changes colour to match your surroundings (Stealth+).
Your rubbery body absorbs attacks. (AC +1, EV +1)


Message History

You tentacle-slap the adder but do no damage.
The adder is moderately wounded.
You constrict the adder.
You feel sick. The rat misses you. The adder bites you.
You are too injured to fight recklessly!
You tentacle-slap the adder.
The adder is almost dead.
You constrict the adder.
You kill the adder!
You feel sick. The rat misses you.
Your Stealth skill increases to level 1!
You closely miss the rat. You grab the rat. You constrict the rat.
* * * LOW HITPOINT WARNING * * *
You feel sick. The rat closely misses you.
You tentacle-slap the rat.
You kill the rat!
* * * LOW HITPOINT WARNING * * *
You feel sick.
A rat comes into view.
* * * LOW HITPOINT WARNING * * *
You feel sick.
You see here a rat corpse.
There is a lethal amount of poison in your body!
There is a lethal amount of poison in your body!
There is a lethal amount of poison in your body!
You aren't carrying any potions.
You aren't carrying any potions.
* * * LOW HITPOINT WARNING * * *
You feel sick.
You see here a sapphire potion.
It was a potion of flight.
You feel very buoyant.
You fly up into the air.
* * * LOW HITPOINT WARNING * * *
You feel sick.
* * * LOW HITPOINT WARNING * * *
You feel sick.
* * * LOW HITPOINT WARNING * * *
You feel sick.
You die...

.P≈ ≈≈P≈≈≈ .≈♣≈≈≈.≈
....... #.....
#.... ♣≈♣ #...# ≈≈P
#...# ≈≈≈≈
#.@.###♣♣
≈≈≈≈≈#...#... ♣♣♣
≈≈≈≈≈#...#.####.#
≈P≈≈P........##.###
≈≈≈≈Pr..##.#......#
≈≈≈♣.......#.##.#.#
.........†......#†#
≈P≈♣....##.#.####.#
≈≈≈≈.......#.####.#


You could see a rat.

Vanquished Creatures
  2 adders (D:2)
  A dart slug (D:1)
  7 bats
  A giant cockroach (D:1)
  2 goblins (D:1)
  7 hobgoblins (D:1)
  A kobold (D:1)
  4 frilled lizards
  2 rats
27 creatures vanquished.

Notes
Turn   | Place    | Note
-------+----------+-------------------------------------------
     0 | D:1      | dickylongcocking the Octopode Transmuter began the quest
                  | for the Orb.
     0 | D:1      | Reached XP level 1. HP: 13/13 MP: 3/3
   296 | D:1      | Reached XP level 2. HP: 18/18 MP: 5/5
   729 | D:1      | Reached skill level 4 in Unarmed Combat
   889 | D:1      | Reached XP level 3. HP: 12/23 MP: 6/6
  1549 | D:2      | Found a faded altar of an unknown god.
  1656 | D:2      | Reached skill level 1 in Stealth
  1664 | D:2      | HP: 1/24 [poisoned by an adder]
  1666 | D:2      | Succumbed to an adder's poison

Illustrated notes

Levels and vault maps discovered:
D:1:      sevenhm_arrival_forest_fort_large_4, layout_loops_corners,
          wander_ebering_terrifying_dragon_lair
D:2:      layout_loops_cross, gammafunk_temple_overflow_pools,
          lemuel_doored_altar, serial_bayou, serial_bayou_lagoon_b,
          serial_bayou_ford_a, serial_bayou_crossing, serial_bayou_pond_e,
          chequers_ecumenical_altar_simple, chequers_serial_rivers_room_a

Skill      XL: |  1  2  3 |
---------------+----------+-----
Unarmed Combat | 4 |  4.2
Stealth        | 1 |  1.0
Fighting       | |  1.7
Dodging        | |  2.0
Spellcasting   | |  2.0
Transmutations | |  2.0

Action                   || total
-------------------------++-------
Melee: Unarmed           ||    71
       Tentacles         ||    11
       Constrict         ||    17
  Use: Potion            ||     1
 Stab: Sleeping          ||     5
Armor: Skin              ||    13
Dodge: Dodged            ||    47

Table legend: (Time is in decaauts)
 A = Elapsed time spent in this place.
 B = Non-inter-level travel time spent in this place.
 C = Inter-level travel time spent in this place.
 D = Time resting spent in this place.
 E = Time spent auto-exploring this place.
 F = Levels seen in this place.
 G = Mean time per level.
                   A        B        C        D        E       F      G
               +--------+--------+--------+--------+--------+-----+--------+
         Total |   1660 |   1590 |     70 |      0 |   1409 |   2 |  830.0 |
       Dungeon |   1660 |   1590 |     70 |      0 |   1409 |   2 |  830.0 |
               +--------+--------+--------+--------+--------+-----+--------+

Top non-repeatable levels by time:
     D:1: 1545 daAuts
     D:2: 115 daAuts
